 Dungeon Crawl Stone Soup version 0.24-a0-250-g6074511 (webtiles) character file.

Game seed: 4053921489886553805

84 MatthieuS the Bolt Thrower (level 4, 0/37 HPs)
             Began as a Human Wanderer on Apr 15, 2019.
             Was an Initiate of Ashenzari.
             Slain by a kobold
             ... wielding a +2 short sword of electrocution
              (13 damage)
             ... on level 4 of the Dungeon.
             The game lasted 00:04:36 (2360 turns).

MatthieuS the Bolt Thrower (Human Wanderer)         Turns: 2360, Time: 00:04:37

Health: 0/37       AC:  2    Str: 11    XL:     4   Next: 72%
Magic:  4/4        EV: 12    Int: 18    God:    Ashenzari [......]
Gold:   183        SH:  2    Dex:  9    Spells: 3/3 levels left

rFire    . . .     SeeInvis .   a - +2 hand crossbow
rCold    . . .     Gourm    .   d - +0 buckler
rNeg     . . .     Faith    .   f - +0 robe
rPois    .         Spirit   .   (no helmet)
rElec    .         Reflect  .   (no cloak)
rCorr    .         Harm     .   (no gloves)
MR       .....                  (no boots)
Stlth    +.........             (no amulet)
HPRegen  0.12/turn              n - +2 ring of evasion
MPRegen  0.09/turn              (no ring)

@: lethally poisoned (0 -> -4), slowed, drained, very slow
A: no striking features
a: Curse Item, Renounce Religion


You were on level 4 of the Dungeon.
You worshipped Ashenzari.
Ashenzari was noncommittal.
You were not hungry.

You visited 2 branches of the dungeon, and saw 5 of its levels.

You collected 183 gold pieces.

Inventory:

Hand Weapons
 a - a +2 hand crossbow (weapon)
Missiles
 b - 16 bolts (quivered)
Armour
 d - a +0 buckler (worn)
 f - a +0 robe (worn)
Jewellery
 n - a +2 ring of evasion (left hand)
   (You found it on level 1 of the Dungeon)
Wands
 t - a wand of flame (21)
   (You found it on level 2 of the Dungeon)
Scrolls
 g - 2 scrolls of remove curse {@r2}
 h - a scroll of random uselessness {unknown}
 j - 2 scrolls of enchant weapon {unknown}
 l - 2 scrolls of identify {unknown}
 o - 2 scrolls of magic mapping {unknown}
 p - a scroll of blinking {unknown}
 q - a scroll of immolation {unknown}
 r - 2 scrolls of fog {unknown}
 s - a scroll of fear {unknown}
 u - a scroll of teleportation {unknown}
 x - a scroll of enchant armour {unknown}
Potions
 c - a potion of lignification {!q}
 i - 3 potions of curing {unknown}
 k - a potion of resistance {unknown}
 m - a potion of berserk rage {unknown}
 w - 2 potions of magic {unknown}
Comestibles
 e - 2 rations


   Skills:
 + Level 3.8(2.7) Fighting
   Level 1.0(0.0) Staves
 * Level 3.8(2.7) Crossbows
 - Level 2.0(0.9) Armour
 - Level 1.0(0.0) Shields
 - Level 1.0(0.0) Evocations


You had 3 spell levels left.
You didn't know any spells.
Your spell library was empty.

Dungeon Overview and Level Annotations

Branches:
Dungeon (4/15)             Temple (1/1) D:4

Altars:
Ashenzari
Cheibriados
Dithmenos
Elyvilon
Fedhas
Gozag
Hepliaklqana
Kikubaaqudgha
Makhleb
Nemelex Xobeh
Okawaru
Qazlal
Sif Muna
Trog
Uskayaw
Wu Jian
Xom
Yredelemnul
Zin
The Shining One


Message History

You shoot a bolt. The bolt hits the hound skeleton!
Firing (i - inventory)
b - 18 bolts (quivered)
Aim: a hound skeleton (heavily damaged)
You shoot a bolt. The bolt hits the hound skeleton.
Firing (i - inventory)
b - 17 bolts (quivered)
Aim: a hound skeleton (severely damaged)
You shoot a bolt. The bolt hits the hound skeleton.
The hound skeleton bites you.
Firing (i - inventory)
b - 16 bolts (quivered)
Aim: a hound skeleton (almost destroyed)
You shoot a bolt. The bolt hits the hound skeleton!
You destroy the hound skeleton!
b - 16 bolts (gained 1)
Found an uncursed mace.
b - 17 bolts (gained 1)
b - 18 bolts (gained 1)
Found a scroll labeled LUSTRO EKEODYR.
You eat one of the 3 rations.
That ration really hit the spot!
r - 2 scrolls labeled LUSTRO EKEODYR (gained 1)
You open the gate. 5 kobolds come into view.
A kobold is wielding a +2 short sword of electrocution.
The kobold shouts! x3
The kobold wields a +0 blowgun.
The kobold shoots a curare-tipped needle.
The curare-tipped needle barely misses you.
Found three items.
The kobold shoots a curare-tipped needle.
The curare-tipped needle hits you.
You are poisoned.
You have difficulty breathing.
You feel yourself slow down.
You feel sick.
You feel sick.
The kobold hits you with a +0 short sword. x2
You feel sick. You block the kobold's attack.
Firing (i - inventory)
b - 18 bolts (quivered)
Aim: a kobold You shoot a bolt.
The bolt hits the kobold!
You kill the kobold!
You feel sick. The kobold barely misses you.
Firing (i - inventory)
b - 17 bolts (quivered)
Aim: a kobold, wielding a +0 short sword You shoot a bolt.
The bolt hits the kobold!
You kill the kobold!
You feel sick.
The kobold hits you with a +2 short sword of electrocution!
* * * LOW HITPOINT WARNING * * *
You are electrocuted!
You die...

#....#.# #.# #....#
#.#.##.# #.# #..).#
#......###.###....###
......................
#..#..#####.#.....####
#..##.#####.#.#####
#<......).....####
######.####......# ..
#.####@# ### .## #.#
#K## .... #.#
#KK##..!.. #
#..'...... #(.'...[..
#..'.?.... #..##.....
#.## #.... #.# ####


You could see 3 kobolds.

Vanquished Creatures
  A hound skeleton (D:4)
  2 adders (D:3)
  2 worms
  A dart slug (D:1)
  5 giant cockroaches
  7 hobgoblins
  2 quokkas (D:2)
  5 bats
  2 frilled lizards (D:1)
  5 goblins
  4 kobolds
  8 rats
44 creatures vanquished.

Vanquished Creatures (others)
  7 toadstools (D:4)
7 creatures vanquished.

Grand Total: 51 creatures vanquished

Notes
Turn   | Place    | Note
-------+----------+-------------------------------------------
     0 | D:1      | MatthieuS the Human Wanderer began the quest for the Orb.
     0 | D:1      | MatthieuS set off with the following items: a +2 hand
                  | crossbow, 25 bolts, a potion of lignification {!q}, a +0
                  | buckler, a ration, a +0 robe
     0 | D:1      | Reached XP level 1. HP: 18/18 MP: 1/1
    67 | D:1      | Reached XP level 2. HP: 24/24 MP: 2/2
   312 | D:1      | Reached XP level 3. HP: 29/29 MP: 3/3
   737 | D:2      | Found a blossoming altar of Fedhas.
  1481 | D:3      | Found an ancient bone altar of Kikubaaqudgha.
  1511 | D:3      | Reached XP level 4. HP: 36/36 MP: 4/4
  1609 | D:3      | Found an ornate altar of the Wu Jian Council.
  1609 | D:3      | Found a snail-covered altar of Cheibriados.
  2097 | D:4      | Found a staircase to the Ecumenical Temple.
  2104 | Temple   | Entered the Ecumenical Temple
  2253 | Temple   | Became a worshipper of Ashenzari the Shackled
  2360 | D:4      | Slain by a kobold

Levels and vault maps discovered:
D:1:      dpeg_arrival_houses_and_road, layout_basic, minmay_quantized
D:2:      layout_basic, nicolae_overflow_crystal_walls
D:3:      layout_basic, old_standard_altar,
          chequers_temple_overflow_statue_of_worship, first_ration
D:4:      cheibrodos_fertilizer, layout_basic, minmay_temple_entry_mist,
          cheibrodos_sewer_entry_bend, minmay_rat_hole
Temple:   nicolae_temple_elliptical

Skill      XL: |  1  2  3 |
---------------+----------+-----
Crossbows      | 3 |  3.8
Fighting       | |  3.8
Staves         | |  1.0
Armour         | |  2.0
Shields        | |  1.0
Evocations     | |  1.0

Action                   |  1- 3 |  4- 6 || total
-------------------------+-------+-------++-------
 Fire: Hand crossbow     |    74 |    17 ||    91
  Eat: Chunk             |     2 |     1 ||     3
       Ration            |       |     1 ||     1
Armor: Robe              |     7 |       ||     7
Dodge: Dodged            |    16 |     3 ||    19
Block: Buckler           |     4 |     2 ||     6

Table legend:
 A = Non-vault XP
 B = Vault XP
 C = Vault XP percentage of total XP
 D = Non-vault monster count
 E = Vault monster count
 F = Vault count percentage of total count
                 A         B        C        D         E       F
            +---------+---------+-------+---------+---------+-------
      Total |     108 |      12 |  10.0 |      37 |       7 |  15.9
            +---------+---------+-------+---------+---------+-------
        D:1 |      28 |       9 |  24.3 |      18 |       5 |  21.7
        D:2 |      23 |       0 |   0.0 |      11 |       0 |   0.0
        D:3 |      39 |       0 |   0.0 |       7 |       0 |   0.0
        D:4 |      18 |       3 |  14.3 |       1 |       2 |  66.7
            +---------+---------+-------+---------+---------+-------
